 Dungeon Crawl Stone Soup version 0.17-a0-977-g4154171 (webtiles) character file.

354 Mygna the Poker (level 6, 0/48 HPs)
             Began as a Centaur Gladiator on May 10, 2015.
             Slain by an orc
             ... wielding a +0 hand axe
              (4 damage)
             ... on level 4 of the Dungeon.
             The game lasted 00:08:14 (3801 turns).

Mygna the Poker (Centaur Gladiator)                 Turns: 3801, Time: 00:08:14

Health: 0/48       AC:  9    Str: 21    XL:     6   Next: 35%
Magic:  6/6        EV:  8    Int:  7    God:
Gold:   137        SH:  0    Dex: 12    Spells: 0 memorised, 5 levels left

rFire  . . .     SeeInvis .     a - +0 trident
rCold  . . .     Clarity  .     p - +0 scale mail
rNeg   . . .     SustAb   .     (no shield)
rPois  .         Gourm    .     c - +0 helmet
rElec  .         Spirit   .     (no cloak)
rCorr  .         Warding  .     b - +1 pair of gloves
rMut   .         Stasis   .     (no barding)
MR     .....                    (no amulet)
Stlth  ..........               (no ring)
                                x - +4 ring of strength

@: slowed, not resistant to hostile enchantments, extremely unstealthy
A: hooves 3, deformed body, speed 2, tough skin 3
a: no special abilities


You were on level 4 of the Dungeon.
You were hungry.

You visited 1 branch of the dungeon, and saw 4 of its levels.

You collected 137 gold pieces.

Inventory:

Hand weapons
 a - a +0 trident (weapon)
 r - a +0 blowgun
Missiles
 d - 3 throwing nets (quivered)
 s - 8 poisoned needles
Armour
 b - a +1 pair of gloves (worn)
 c - a +0 helmet (worn)
 p - a +0 scale mail (worn)
Jewellery
 g - an uncursed ring of fire
 x - a +4 ring of strength (left hand)
Scrolls
 i - a scroll of amnesia
 j - a scroll of recharging
 m - a scroll of blinking
Potions
 h - 5 potions of curing {unknown}
 k - a potion of agility
 l - a potion of invisibility
 q - a potion of brilliance
Comestibles
 e - 3 bread rations
 f - a slice of pizza
 n - a meat ration
 o - a royal jelly
 w - 2 fruits


   Skills:
 - Level 2.0 Fighting
 + Level 6.6 Polearms
 - Level 2.6 Throwing
 - Level 2.1 Dodging


You had 5 spell levels left.
You didn't know any spells.

Dungeon Overview and Level Annotations

Branches:
Dungeon (4/15)
 Temple: D:4-7

Altars:
Nemelex Xobeh


Innate Abilities, Weirdness & Mutations

You have hooves in place of feet.
Armour fits poorly on your strangely shaped body.
You cover ground very quickly.
You have extremely tough skin (AC +3).


Message History

The orc is moderately wounded.
The orc hits you with a hand axe.
* * * LOW HITPOINT WARNING * * *
You hit the orc but do no damage. You kick the orc.
The orc is heavily wounded.
The orc hits you with a hand axe.
* * * LOW HITPOINT WARNING * * *
You completely miss the orc.
The orc is heavily wounded.
The orc hits you with a hand axe.
* * * LOW HITPOINT WARNING * * *
The orc hits you but does no damage.
You hit the orc. You kick the orc, but do no damage.
The orc is heavily wounded.
The orc hits you with a hand axe.
* * * LOW HITPOINT WARNING * * *
You hit the orc but do no damage.
The orc is heavily wounded.
The orc hits you with a hand axe.
You die...

****** *****,,,,*
**###************* ,,,,+,,,,*
*,..,,,,,+,,,+,,,*
*****,,,,**###*.#*******+**,,,*
******+*##.#..#.######**,**,,,*
,,,,,,,,+......)o.[...,,,+,,,,*
#######***+*##'##*******,****+**
......####.##..o########,*,,,,,*
......'.....+...@.......,+,,,,,*
......#+###+#...#+##..##,*,,,,,*
#+#....[...........#************
..'................#
###................#############
####'###'##+##+###..#..........#
......+.....+....'.............#
+##+###..##.##..########.......#
.##.###..##.##+##########...####


You could see an orc.

Vanquished Creatures
  An orc priest (D:4)
  A centaur skeleton (D:3)
  An iguana (D:4)
  2 orc wizards (D:4)
  5 adders
  6 gnolls
  An ooze (D:3)
  An adder skeleton (D:4)
  3 worms
  8 orcs
  A giant cockroach (D:3)
  9 hobgoblins
  19 jackals
  A quokka (D:2)
  A ball python (D:3)
  14 bats
  2 giant geckos
  3 giant newts
  6 goblins
  5 kobolds
  9 rats
99 creatures vanquished.

Notes
Turn   | Place    | Note
--------------------------------------------------------------
     0 | D:1      | Mygna, the Centaur Gladiator, began the quest for the Orb.
     0 | D:1      | Reached XP level 1. HP: 17/17 MP: 1/1
    62 | D:1      | Reached skill level 3 in Polearms
   229 | D:1      | Reached XP level 2. HP: 18/24 MP: 2/2
   665 | D:2      | Reached XP level 3. HP: 29/29 MP: 3/3
   674 | D:2      | Reached skill level 4 in Polearms
  1443 | D:2      | Reached XP level 4. HP: 36/36 MP: 4/4
  1456 | D:2      | Found a sparkling altar of Nemelex Xobeh.
  2021 | D:3      | Reached skill level 5 in Polearms
  2425 | D:3      | Reached XP level 5. HP: 37/41 MP: 5/5
  3216 | D:4      | Reached skill level 6 in Polearms
  3527 | D:4      | Reached XP level 6. HP: 42/48 MP: 6/6
  3801 | D:4      | Slain by an orc

Vault maps used:
D:1:      dpeg_arrival_rooms_with_view
D:2:      nemelex_xobeh_ov_fountains_minmay
D:3:      first_bread, minmay_misc_feat_tower

Action                   |  1- 3 |  4- 6 || total
-------------------------+-------+-------++-------
Melee: Trident           |   122 |   238 ||   360
Throw: Throwing net      |     1 |       ||     1
  Use: Scroll            |       |     9 ||     9
 Stab: Distracted        |     1 |       ||     1
  Eat: Chunk             |     1 |     6 ||     7
